 Dungeon Crawl Stone Soup version 0.31-a0-115-g4708a659fe (webtiles) character file.

Game seed: 5597488530264442866

23263 Chodeload the Markself (level 12, 0/68 HPs)
             Began as a Deep Elf Wanderer on May 30, 2023.
             Was an Elder of Vehumet.
             Slain by a wyvern (11 damage)
             ... on level 3 of the Lair of Beasts.
             The game lasted 00:53:28 (13972 turns).

Chodeload the Markself (Deep Elf Wanderer)         Turns: 13972, Time: 00:53:28

Health: 0/68       AC: 12    Str:  8    XL:     12   Next: 70%
Magic:  24/28      EV: 14    Int: 26    God:    Vehumet [****..]
Gold:   333        SH:  0    Dex: 24    Spells: 15/31 levels left

rFire   . . .        c - +4 arbalest (elec)
rCold   . . .        (shield currently unavailable)
rNeg    . . .        p - +2 leather armour "Doannevaos" {Stlth+}
rPois   .            (no helmet)
rElec   .            W - +2 cloak
rCorr   .            N - +0 pair of gloves
SInv    .            K - +2 pair of boots
Will    +....        B - amulet of magic regeneration
Stlth   +++          u - +6 ring of dexterity
HPRegen 0.31/turn    q - +6 ring of intelligence
MPRegen 0.61/turn

%: no passive effects
@: about to teleport
A: no striking features
a: Renounce Religion


You were on level 3 of the Lair of Beasts.
You worshipped Vehumet.
Vehumet was greatly pleased with you.
You visited 3 branches of the dungeon, and saw 17 of its levels.

You collected 831 gold pieces.
You spent 498 gold pieces at shops.

Inventory:

Hand Weapons
 a - a +2 sling of electrocution
 b - a +0 dagger of electrocution
 c - a +4 arbalest of electrocution (weapon)
Missiles
 R - 2 throwing nets
 U - 4 curare-tipped darts
Armour
 p - the +2 leather armour "Doannevaos" (worn) {Stlth+}
   (You found it on level 5 of the Dungeon)

   Stlth:     It makes you more stealthy.
 C - a +0 buckler
 J - the +0 leather armour of Grace {*Corrode Str+8 Int+6}
   (You found it on level 3 of the Lair of Beasts)

   Str:       It affects your strength (+8).
   Int:       It affects your intelligence (+6).
   *Corrode:  It may corrode you when you take damage.
 K - a +2 pair of boots (worn)
 N - a +0 pair of gloves (worn)
 W - a +2 cloak (worn)
Magical Staves
 I - a staff of fire
Jewellery
 j - a ring of magical power
 q - a +6 ring of intelligence (right hand)
 u - a +6 ring of dexterity (left hand)
 B - an amulet of magic regeneration (around neck)
 E - a ring of resist corrosion
 Q - a ring of protection from fire
 S - a ring of protection from cold
 V - a ring of protection from fire
Wands
 x - a wand of flame (8)
 G - a wand of digging (4)
 H - a wand of iceblast (28)
 M - a wand of charming (7)
 X - a wand of polymorph (7)
Scrolls
 d - 5 scrolls of fog
 e - 2 scrolls of enchant armour {unknown}
 g - 2 scrolls of magic mapping
 h - 3 scrolls of blinking
 i - 5 scrolls of vulnerability
 n - 2 scrolls of amnesia {unknown}
 v - 2 scrolls of silence
 w - 3 scrolls of poison
 y - 9 scrolls of immolation
 z - 3 scrolls of teleportation
 A - a scroll of noise {unknown}
 F - a scroll of brand weapon
 L - a scroll of summoning {unknown}
 T - 2 scrolls of fear
Potions
 f - 2 potions of mutation {unknown}
 k - 2 potions of attraction
 l - 2 potions of cancellation
 m - a potion of invisibility
 o - a potion of berserk rage {unknown}
 r - a potion of haste
 s - a potion of curing
 t - 3 potions of brilliance
 D - 3 potions of enlightenment
 O - 2 potions of lignification
 P - 2 potions of magic


   Skills:
 - Level 5.0 Fighting
 - Level 18.0 Ranged Weapons
 - Level 4.2 Dodging
 - Level 4.1 Shields
 - Level 10.1 Spellcasting
 - Level 10.0 Conjurations
 + Level 7.0 Fire Magic
 - Level 3.0 Air Magic
 - Level 3.0 Poison Magic
 - Level 5.4 Evocations


You had 15 spell levels left.
You knew the following spells:

 Your Spells              Type           Power      Damage    Failure   Level
a - Shock                 Conj/Air       100%       1d9       1%          1
b - Mephitic Cloud        Conj/Pois/Air  41%        N/A       1%          3
c - Iskenderun's Battles  Conj           60%        2d11      1%          5
d - Swiftness             Air            28%        N/A       6%          3
e - Flame Wave            Conj/Fire      55%        2d13      1%          4

Your spell library contained the following spells:

 Spells                   Type           Power      Damage    Failure   Level
 Olgreb's Toxic Radiance  Pois           29%        N/A       5%          4
 Inner Flame              Hex/Fire       31%        N/A       1%          3
 Sticky Flame             Conj/Fire      55%        2d7       1%          4
 Cigotuvi's Dreadful Rot  Necr/Pois/Air  46%        N/A       4%          2
 Airstrike                Air            14%        2d(2-18)  5%          4
 Beastly Appendage        Tmut           26%        N/A       7%          1
 Necrotise                Necr           52%        1d6       7%          1
 Ensorcelled Hibernation  Hex/Ice        26%        N/A       10%         2
 Passwall                 Tmut/Erth      10%        N/A       10%         2
 Wereblood                Tmut           13%        N/A       10%         2
 Spider Form              Tmut/Pois      21%        N/A       11%         3
 Vampiric Draining        Necr           13%        2d6       21%         3
 Leda's Unmaking          Conj/Erth      19%        9d4       32%         6
 Spellforged Servitor     Conj/Summ      19%        N/A       83%         7
 Agony                    Necr           13%        N/A       88%         5
 Simulacrum               Ice/Necr       6%         N/A       100%        6
 Ozocubu's Refrigeration  Ice            6%         4d8       100%        7
 Chain Lightning          Conj/Air       23%        3d30      100%        9
 Fire Storm               Conj/Fire      27%        8d7       100%        9
 Polar Vortex             Ice            6%         N/A       100%        9


Dungeon Overview and Level Annotations

Branches:
Dungeon (12/15)            Temple (1/1) D:4            Lair (4/5) D:11
  Swamp (0/4) Lair:2
  Snake: Lair:2-3    Spider: Lair:2-3     Slime: Lair:4-5       Orc: D:9-12

Altars:
Ashenzari
Cheibriados
Dithmenos
Elyvilon
Fedhas
Gozag
Hepliaklqana
Makhleb
Nemelex Xobeh
Okawaru
Qazlal
Ru
Trog
Uskayaw
Vehumet
Xom
Yredelemnul
Zin
The Shining One

Shops:
D:3 *   D:4 (   D:8 ?   D:10 !(

Annotations:
D:2 exclusion: downstairs
D:3 3 runed translucent doors, exclusion: downstairs, SigmundSlayer's ghost, weakling DgFi
D:4 exclusion: downstairs, Dowan; Duvessa
D:6 exclusion: downstairs
D:11 1 transporter, exclusions: downstairs and ugly thing
Lair:1 exclusion: downstairs


Message History

The cane toad is almost dead.
Your battlesphere expends the last of its energy and dissipates.
The cane toad stings you!
Casting: Shock (safe; 1% risk of failure)
Confirm with . or Enter, or press ? or * to list all spells.
Aiming: Shock (safe; 1% risk of failure)
Press: ? - help, Shift-Dir - straight line, f/p - cane toad
Aim: a cane toad (almost dead, 77% to hit)
The zap hits the cane toad.
The cane toad is almost dead.
The wyvern hisses menacingly.
The cane toad stings you!
You are poisoned.
The cane toad poisons you!
Casting: Shock (safe; 1% risk of failure)
Confirm with . or Enter, or press ? or * to list all spells.
Aiming: Shock (safe; 1% risk of failure)
Press: ? - help, Shift-Dir - straight line, f/p - cane toad
Aim: a cane toad (almost dead, 77% to hit)
The zap misses the cane toad.
You feel very sick. The cane toad barely misses you.
You feel better. The cane toad misses you. The cane toad stings you.
You are poisoned.
The cane toad poisons you!
As you read the scroll of teleportation, it crumbles to dust.
You feel strangely unstable.
You feel very sick.
The wyvern bites you but does no damage.
The cane toad barely misses you. The cane toad attacks as you move away!
The cane toad stings you!
* * * LOW HITPOINT WARNING * * *
x2 You feel very sick.
The wyvern barely misses you.
Okay, then.
You feel better. The wyvern closely misses you.
The cane toad stings you but does no damage.
The cane toad attacks as you move away! The cane toad completely misses you.
The wyvern misses you. The wyvern bites you!
You die...

.$.........###...
............#..#
...............#
..............#
....?..:.....#
........†...## ###
...........## #.#
.........lF.# ##.######
..........@.###P....#.#
.....>.P.#.###..[....##
##
#...PP###.#.###.......##
#. ######
####.##.#....†.###.
##.###.........#
#.#..P.......##.
###...........##
#............##
#.#...........P


You could see a cane toad and a wyvern.

Vanquished Creatures
  A hydra (D:11)
  Erica (Lair:2)
  A death yak (Lair:2)
  Sonja (Lair:1)
  Amaemon (Lair:1)
  A skyshark (Lair:3)
  A manticore (D:11)
  An oklob plant (Lair:3)
  A cyclops (D:11)
  4 black mambas
  Joseph (D:10)
  8 cane toads
  Maggie (D:9)
  An orange demon (Lair:1)
  6 komodo dragons
  A troll (D:10)
  Grinder (D:6)
  11 blink frogs
  3 hornets
  2 dream sheep (Lair:2)
  Prince Ribbit (D:5)
  26 yaks
  A vampire (D:11)
  3 slime creatures
  3 wyverns
  2 basilisks
  7 water moccasins
  An acid dragon (D:9)
  2 orc warriors
  2 sky beasts (D:7)
  2 black bears
  2 ice beasts (D:7)
  An ogre (D:5)
  2 centaurs
  4 kobold brigands
  3 phantoms
  5 bullfrogs
  2 scorpions
  3 wights (D:8)
  3 killer bees
  An electric eel (Lair:2)
  4 howler monkeys
  3 hounds
  Crazy Yiuf (D:4)
  2 jellies
  2 gnoll boudas
  2 orc priests
  3 sleepcaps
  7 orc wizards
  2 iguanas (D:5)
  13 gnolls
  9 adders
  A shadow imp (D:8)
  2 white imps
  An ufetubus (D:4)
  5 worms (D:2)
  2 dart slugs (D:4)
  41 orcs
  6 ball pythons
  6 endoplasms
  8 giant cockroaches
  9 goblins
  10 hobgoblins
  4 jackals (D:1)
  23 kobolds
  6 quokkas
  5 bats
  3 frilled lizards
  3 rats
307 creatures vanquished.

Notes
Turn   | Place    | Note
-------+----------+-------------------------------------------
     0 | D:1      | Chodeload the Deep Elf Wanderer began the quest for the
                  | Orb.
     0 | D:1      | Chodeload set off with the following items: a +0 dagger, a
                  | potion of attraction, a +0 cloak, a scroll of fog, a +0
                  | robe, a wand of mindburst (12).
     0 | D:1      | Reached XP level 1. HP: 12/12 MP: 3/3
   313 | D:1      | Reached skill level 1 in Spellcasting
   372 | D:1      | Reached XP level 2. HP: 17/17 MP: 5/5
  1047 | D:2      | Reached XP level 3. HP: 21/21 MP: 8/8
  1157 | D:2      | Reached skill level 1 in Ranged Weapons
  1290 | D:2      | Reached skill level 2 in Ranged Weapons
  1321 | D:2      | Reached XP level 4. HP: 26/26 MP: 9/9
  1386 | D:2      | Reached skill level 3 in Ranged Weapons
  1844 | D:2      | Reached skill level 4 in Ranged Weapons
  2065 | D:3      | Found a basalt altar of Yredelemnul.
  2067 | D:3      | Found a bloodstained altar of Trog.
  2159 | D:3      | Found Joikiwom's General Store.
  2190 | D:3      | Bought a potion of curing for 33 gold pieces
  2273 | D:3      | Reached skill level 5 in Ranged Weapons
  2273 | D:3      | Reached XP level 5. HP: 30/30 MP: 10/10
  2291 | D:3      | Found a runed translucent gate.
  2291 | D:3      | Found a runed translucent gate.
  2291 | D:3      | Found a runed translucent gate.
  2296 | D:3      | Noticed SigmundSlayer's ghost (weakling DgFi)
  2652 | D:4      | Found Vufigib's Antique Weapon Shop.
  2661 | D:4      | Noticed Duvessa
  2661 | D:4      | Noticed Dowan
  2763 | D:4      | Noticed a phantom
  2771 | D:4      | Killed a phantom
  2772 | D:4      | Reached skill level 6 in Ranged Weapons
  2823 | D:4      | You fall into a shaft and drop 2 floors!
  2828 | D:5      | Entered Level 5 of the Dungeon
  2828 | D:5      | Noticed Prince Ribbit
  2831 | D:5      | Killed Prince Ribbit
  2832 | D:5      | Reached skill level 8 in Ranged Weapons
  2832 | D:5      | Reached XP level 6. HP: 35/35 MP: 11/11
  2876 | D:5      | Reached XP level 7. HP: 32/40 MP: 12/12
  2887 | D:5      | Reached skill level 9 in Ranged Weapons
  3023 | D:5      | Reached skill level 10 in Ranged Weapons
  3040 | D:5      | Identified the +2 leather armour "Doannevaos" {Stlth+}
  3099 | D:5      | Got the Spellbook of Luminous Ectoplasm
  3124 | D:4      | Found a staircase to the Ecumenical Temple.
  3130 | Temple   | Entered the Ecumenical Temple
  3153 | Temple   | Became a worshipper of Vehumet
  3289 | D:4      | Found a burning altar of Makhleb.
  3289 | D:4      | Found a blossoming altar of Fedhas.
  3347 | D:4      | Found a runed translucent door.
  3348 | D:4      | Noticed Crazy Yiuf
  3576 | D:4      | Reached skill level 11 in Ranged Weapons
  3674 | D:4      | Learned a level 1 spell: Shock
  3814 | D:4      | Killed Crazy Yiuf
  3998 | D:5      | Reached skill level 1 in Conjurations
  3998 | D:5      | Reached skill level 1 in Air Magic
  3998 | D:5      | Reached XP level 8. HP: 44/44 MP: 13/13
  4024 | D:5      | Found a shimmering altar of Xom.
  4067 | D:5      | Reached * piety under Vehumet
  4067 | D:5      | Offered knowledge of Sandblast by Vehumet.
  4357 | D:6      | Noticed Grinder
  4362 | D:6      | Killed Grinder
  4363 | D:6      | Reached skill level 1 in Shields
  4509 | D:6      | Noticed a komodo dragon
  4571 | D:6      | Noticed a hornet
  4586 | D:6      | Killed a hornet
  4780 | D:6      | Killed a komodo dragon
  4781 | D:6      | Reached skill level 5 in Conjurations
  4781 | D:6      | Reached XP level 9. HP: 48/48 MP: 14/14
  4838 | D:6      | Identified the +0 leather armour of Ripror {Dex+4}
  5356 | D:7      | Offered knowledge of Poisonous Vapours by Vehumet.
  5357 | D:7      | Reached ** piety under Vehumet
  5872 | D:7      | Reached skill level 5 in Spellcasting
  6404 | D:8      | Found a snail-covered altar of Cheibriados.
  6483 | D:7      | Offered knowledge of Mephitic Cloud by Vehumet.
  6498 | D:7      | Learned a level 3 spell: Mephitic Cloud
  6526 | D:7      | Reached skill level 1 in Poison Magic
  6529 | D:7      | Reached *** piety under Vehumet
  6874 | D:8      | Reached skill level 12 in Ranged Weapons
  7003 | D:8      | Found Toed Juq's Magic Scroll Shop.
  7013 | D:8      | Bought a scroll of identify for 24 gold pieces
  7013 | D:8      | Bought a scroll of teleportation for 36 gold pieces
  7013 | D:8      | Bought a scroll of blinking for 90 gold pieces
  7315 | D:9      | Learned a level 5 spell: Iskenderun's Battlesphere
  7515 | D:8      | Reached XP level 10. HP: 22/53 MP: 19/19
  7895 | D:9      | Offered knowledge of Volatile Blastmotes by Vehumet.
  8145 | D:9      | Noticed Maggie
  8165 | D:9      | Killed Maggie
  8506 | D:10     | Entered Level 10 of the Dungeon
  8570 | D:10     | Noticed Joseph
  8709 | D:9      | Found a broken altar of Ashenzari.
  8876 | D:4      | Bought a runed arbalest for 150 gold pieces
  9195 | D:10     | Found a hide-covered altar of Uskayaw.
  9197 | D:10     | Found a stormy altar of Qazlal.
  9227 | D:10     | Found a sacrificial altar of Ru.
  9229 | D:10     | Found an opulent altar of Gozag.
  9281 | D:10     | Reached skill level 10 in Conjurations
  9313 | D:10     | Killed Joseph
  9320 | D:10     | Reached **** piety under Vehumet
  9439 | D:10     | Found Onasyow's Weapon Emporium.
  9498 | D:10     | Reached skill level 13 in Ranged Weapons
  9644 | D:10     | Found Itiroirgh's Distillery.
  9653 | D:10     | Bought a potion of lignification for 45 gold pieces
  9653 | D:10     | Bought a potion of magic for 120 gold pieces
  9704 | D:10     | Offered knowledge of Olgreb's Toxic Radiance by Vehumet.
  9715 | D:10     | Reached skill level 14 in Ranged Weapons
  9736 | D:10     | Found a glowing silver altar of Zin.
  9736 | D:10     | Found a white marble altar of Elyvilon.
  9736 | D:10     | Found a glowing golden altar of the Shining One.
  9800 | D:11     | Found a transporter.
 10044 | D:11     | Noticed a cyclops
 10088 | D:11     | Found a staircase to the Lair.
 10098 | D:11     | Killed a cyclops
 10208 | D:11     | Noticed a manticore
 10250 | D:11     | Killed a manticore
 10251 | D:11     | Reached skill level 15 in Ranged Weapons
 10251 | D:11     | Reached XP level 11. HP: 57/57 MP: 20/20
 10453 | D:11     | Noticed a five-headed hydra
 10464 | D:11     | Killed a five-headed hydra
 10465 | D:11     | Reached skill level 16 in Ranged Weapons
 10517 | D:11     | Noticed a green ugly thing
 10656 | D:11     | Noticed a thrashing horror
 10657 | D:11     | Noticed a green ugly thing
 10659 | D:11     | Noticed a red ugly thing
 11105 | Lair:1   | Entered Level 1 of the Lair of Beasts
 11185 | Lair:1   | Reached skill level 17 in Ranged Weapons
 11286 | Lair:1   | Learned a level 3 spell: Swiftness
 11350 | Lair:1   | Noticed Sonja
 11353 | Lair:1   | Killed Sonja
 11354 | Lair:1   | Reached skill level 18 in Ranged Weapons
 11515 | Lair:1   | Noticed Amaemon
 11533 | Lair:1   | Killed Amaemon
 11975 | Lair:1   | Reached XP level 12. HP: 68/68 MP: 22/22
 11989 | Lair:1   | Reached skill level 5 in Fighting
 12226 | Lair:2   | Noticed Erica
 12277 | Lair:2   | Learned a level 4 spell: Flame Wave
 12389 | Lair:2   | Killed Erica
 12390 | Lair:2   | Reached skill level 1 in Fire Magic
 12767 | Lair:2   | Found a staircase to the Swamp.
 12850 | Lair:2   | Reached skill level 5 in Fire Magic
 13103 | Lair:3   | Identified the +0 leather armour of Grace {*Corrode Str+8
                  | Int+6}
 13320 | Lair:3   | Reached skill level 10 in Spellcasting
 13674 | Lair:3   | Noticed a death yak
 13674 | Lair:3   | Noticed a death yak
 13711 | Lair:2   | Killed a death yak
 13972 | Lair:3   | Slain by a wyvern

Illustrated notes

Levels and vault maps discovered:
D:1:      dpeg_arrival_pits, layout_basic
D:2:      layout_basic, minmay_surrounded
D:3:      layout_basic, grunt_temple_overflow_open, serial_shops, shop,
          ebering_ghost_rock_garden, minmay_misc_feat_tiny, grunt_ministairs_15
D:4:      layout_loops_ring, nicolae_overflow_two_pavilions,
          minmay_temple_entry_arrows, serial_shops, shop, uniq_duvessa,
          uniq_crazy_yiuf_cottage
D:5:      layout_rooms, mainiacjoe_overflow_boulevard, uniq_prince_ribbit1
D:6:      layout_rooms, uniq_grinder
D:7:      layout_basic, kennysheep_small_square
D:8:      layout_rooms, amcnicky_altar_gilded, serial_shops, shop
D:9:      layout_rooms, ashenzari_conservatory_becter, uniq_maggie
D:10:     layout_big_octagon, good_gods_mini_temple,
          nicolae_overflow_hidden_temple, serial_shops,
          nicolae_shop_just_a_little_nook, nicolae_shop_tiny_statue_garden,
          uniq_joseph
D:11:     gammafunk_corrupted_shrine, layout_rooms, dpeg_oklobed_lair,
          small_chamber_with_monster
D:12:     nzn_winding_woodlands_small [nzn_winding_woodlands_5x15_concentric,
          nzn_winding_woodlands_center_triple_pond,
          nzn_winding_woodlands_5x15_zeroes], layout_rooms, orc_0_dummy,
          uniq_jorgrun
Temple:   nicolae_temple_bog_church
Lair:1:   layout_gridlike, nzn_random_ring, uniq_amaemon, uniq_sonja
Lair:2:   layout_cellular_growth, swamp_mist_pool, minivault_27,
          dreamdust_gnoll_shepherd, uniq_erica
Lair:3:   layout_cave_pods, minmay_snake_entry_guardpost_small
Lair:4:   layout_small_grid, fungi_pond_lemuel, chequers_serial_rivers_room_b,
          uniq_josephine

Skill      XL: |  1  2  3  4  5  6  7  8  9 10 11 12 |
---------------+-------------------------------------+-----
Spellcasting   | 1 2 5 10 | 10.1
Fighting       | 2 4 5 |  5.0
Dodging        | 4 |  4.2
Ranged Weapons | 2 5 8 11 12 15 18 | 18.0
Conjurations   | 1 5 7 10 | 10.0
Air Magic      | 1 3 |  3.0
Shields        | 3 4 |  4.1
Poison Magic   | 3 |  3.0
Fire Magic     | 7 |  7.0
Evocations     | |  5.4

Action                     |  1- 3 |  4- 6 |  7- 9 | 10-12 || total
---------------------------+-------+-------+-------+-------++-------
  Melee: Dagger            |    84 |       |       |       ||    84
         Punch             |     1 |       |       |       ||     1
         Sling             |       |     2 |       |       ||     2
   Fire: Sling             |    30 |   129 |   459 |    15 ||   633
         Arbalest          |       |       |       |   299 ||   299
  Throw: Throwing net      |       |       |       |     2 ||     2
   Cast: Mephitic Cloud    |       |       |     1 |     2 ||     3
         Shock             |       |       |       |    63 ||    63
         Iskenderun's Batt |       |       |       |    22 ||    22
         Flame Wave        |       |       |       |     2 ||     2
  Evoke: Wand              |     8 |       |     4 |     1 ||    13
    Use: Scroll            |       |     1 |     9 |    10 ||    20
         Potion            |       |       |     2 |     6 ||     8
   Stab: Sleeping          |     1 |       |       |       ||     1
 Armour: Robe              |    19 |       |       |       ||    19
         Leather armour    |       |    11 |    68 |    40 ||   119
         Ring mail         |       |       |    11 |       ||    11
  Dodge: Dodged            |    72 |    25 |   142 |    98 ||   337
  Block: Buckler           |       |       |    53 |     6 ||    59

Table legend: (Time is in decaauts)
 A = Elapsed time spent in this place.
 B = Non-inter-level travel time spent in this place.
 C = Inter-level travel time spent in this place.
 D = Time resting spent in this place.
 E = Time spent auto-exploring this place.
 F = Levels seen in this place.
 G = Mean time per level.
                   A        B        C        D        E       F      G
               +--------+--------+--------+--------+--------+-----+--------+
         Total |  14039 |  12684 |   1355 |   2148 |   6048 |  17 |  825.8 |
       Dungeon |  11109 |  10095 |   1014 |   1679 |   5259 |  12 |  925.8 |
        Temple |     43 |     26 |     17 |      0 |      0 |   1 |   43.0 |
          Lair |   2886 |   2562 |    324 |    469 |    789 |   4 |  721.5 |
               +--------+--------+--------+--------+--------+-----+--------+

Top non-repeatable levels by time:
     D:7: 1698 daAuts
     D:8: 1345 daAuts
  Lair:2: 1134 daAuts
     D:2: 1068 daAuts
    D:11: 1048 daAuts
     D:1: 1044 daAuts
    D:10: 1012 daAuts
     D:4: 974 daAuts
  Lair:1: 941 daAuts
  Lair:3: 809 daAuts
     D:9: 745 daAuts
     D:6: 704 daAuts
     D:5: 690 daAuts
     D:3: 603 daAuts
    D:12: 174 daAuts
